 Dungeon Crawl Stone Soup version 0.31-a0-523-g071a6c1ffa (webtiles) character file.

Game seed: 7961693648041934428

1020 TheKing741 the Cleaver (level 8, -4/69 HPs)
             Began as a Hill Orc Fighter on Aug 12, 2023.
             Slain by a hornet (11 damage)
             ... on level 7 of the Dungeon.
             The game lasted 00:31:41 (3503 turns).

TheKing741 the Cleaver (Hill Orc Fighter)           Turns: 3503, Time: 00:31:41

Health: -4/69      AC: 15    Str: 21    XL:     8   Next: 22%
Magic:  8/8        EV: 13    Int:  8    God:
Gold:   351        SH:  0    Dex: 10    Spells: 7/7 levels left

rFire   . . .        a - +0 war axe
rCold   . . .        H - orb {mayhem}
rNeg    . . .        A - +0 chain mail
rPois   .            (no helmet)
rElec   .            u - +0 cloak
rCorr   .            (no gloves)
SInv    .            (no boots)
Will    .....        (no amulet) Stlth
                     e - +4 ring of protection
HPRegen 0.31/turn    o - +5 ring of evasion
MPRegen 0.11/turn

%: mayhem
@: lethally poisoned (-4 -> -6)
A: no striking features
a: no special abilities


You were on level 7 of the Dungeon.
You visited 2 branches of the dungeon, and saw 8 of its levels.

You collected 351 gold pieces.

Inventory:

Hand Weapons
 a - a +0 war axe (weapon)
 h - a +0 short sword
 j - a +0 rapier
 k - a +0 dagger
 m - a +0 club
 D - a +0 war axe
Missiles
 f - 55 stones
 s - 5 curare-tipped darts
 v - 6 poisoned darts
Armour
 b - a +0 scale mail
 c - a +0 buckler
 q - a +0 leather armour
 u - a +0 cloak (worn)
 A - a +0 chain mail (worn)
 F - a +0 chain mail
 H - an orb of mayhem (worn)
Jewellery
 e - a +4 ring of protection (left hand)
 i - a ring of see invisible
 o - a +5 ring of evasion (right hand)
 y - an amulet of faith
Talismans
 p - a flux talisman
Wands
 t - a wand of flame (10)
 K - a wand of acid (8)
Scrolls
 x - 6 scrolls of identify {unknown}
 C - a scroll of amnesia {unknown}
 G - 2 scrolls of enchant weapon {unknown}
 I - a scroll of enchant armour {unknown}
 J - a scroll of fear {unknown}
Potions
 d - 3 potions of might
 g - 3 potions of curing {unknown}
 l - 2 potions of enlightenment {unknown}
 n - a potion of heal wounds {unknown}
 r - a potion of mutation {unknown}
 w - a potion of haste {unknown}
 z - a potion of lignification {unknown}
 B - 2 potions of brilliance {unknown}
 E - a potion of resistance {unknown}


   Skills:
 + Level 5.5 Fighting
 + Level 9.3 Axes
 + Level 5.1 Armour
 + Level 1.8 Dodging
 + Level 0.2 Stealth
 + Level 4.3 Shields


You had 7 spell levels left.
You didn't know any spells.
Your spell library contained the following spells:

 Spells                   Type           Power      Damage    Failure   Level
 Volatile Blastmotes      Fire/Tloc      0%         2d10      100%        3
 Fulminant Prism          Conj/Hex       0%         3d5       100%        4
 Iskenderun's Mystic Bla  Conj/Tloc      0%         2d3       100%        4
 Manifold Assault         Tloc           0%         N/A       100%        4
 Dispersal                Tloc           0%         N/A       100%        6
 Disjunction              Tloc           0%         N/A       100%        8


Dungeon Overview and Level Annotations

Branches:
Dungeon (7/15)             Temple (1/1) D:4

Altars:
Cheibriados
Fedhas
Gozag
Kikubaaqudgha
Makhleb
Okawaru
Qazlal
Ru
Sif Muna
Vehumet
Xom
Yredelemnul
Zin
The Shining One


Message History

You hit the hornet.
The hornet is almost dead.
The hornet stings you but does no damage. x2
You closely miss the hornet.
The hornet is almost dead.
You feel yourself speed up. The hornet barely misses you.
The hornet stings you but does no damage.
You miss the hornet.
The hornet is almost dead.
The hornet stings you.
You feel yourself slow down.
The hornet stings you but does no damage.
You closely miss the hornet.
The hornet is almost dead.
The hornet stings you.
* * * LOW HITPOINT WARNING * * *
You suddenly lose the ability to move!
The hornet stings you but does no damage.
The hornet stings you but does no damage.
The hornet stings you.
* * * LOW HITPOINT WARNING * * *
You are poisoned.
You shrug off the repeated paralysis!
You feel sick.
The hornet stings you but does no damage.
You can move again.
Unknown command.
You barely miss the hornet.
The hornet is almost dead.
You feel yourself speed up.
You feel sick.
The hornet stings you but does no damage.
The hornet stings you.
* * * LOW HITPOINT WARNING * * *
You feel yourself slow down. The hornet barely misses you.
You barely miss the hornet.
The hornet is almost dead.
You feel yourself speed up.
You feel sick. The hornet stings you!
You die...

#.....<..........#.....#
#.....###.##............
#.....# #.##..........#.
###...........#.........
#..........##....#.##
######...........#.#
#....#........#
..........)..##
..$....@.....#
##.....y.....#
#..............
.........#.[....
##.....#.#.)##..
#.###.......... ...
....:..... ## #. ... #.#


You could see a hornet.

Vanquished Creatures
  A water moccasin (D:7)
  An ice beast (D:6)
  2 black bears
  An ogre (D:5)
  A scorpion (D:4)
  2 howler monkeys
  2 hounds
  A jelly (D:4)
  An orc priest (D:3)
  An iguana (D:6)
  A sleepcap (D:5)
  3 orc wizards
  7 adders
  A river rat (D:6)
  A shadow imp (D:5)
  4 worms
  13 orcs
  3 ball pythons
  7 bats
  5 endoplasms
  A giant cockroach (D:4)
  2 goblins
  3 hobgoblins
  8 jackals
  3 quokkas
  2 frilled lizards
  A goblin skeleton (D:5)
  3 goblin zombies (D:5)
  A hobgoblin zombie (D:5)
  11 kobolds
  A kobold skeleton (D:5)
  An orc skeleton (D:5)
  4 orc zombies (D:5)
  2 rats (D:2)
101 creatures vanquished.

Notes
Turn   | Place    | Note
-------+----------+-------------------------------------------
     0 | D:1      | TheKing741 the Hill Orc Fighter began the quest for the
                  | Orb.
     0 | D:1      | Reached XP level 1. HP: 19/19 MP: 1/1
   126 | D:1      | Reached XP level 2. HP: 27/27 MP: 2/2
   320 | D:1      | Reached skill level 3 in Axes
   668 | D:2      | Reached XP level 3. HP: 33/33 MP: 3/3
   903 | D:3      | Found a stormy altar of Qazlal.
   909 | D:3      | Reached skill level 4 in Axes
   909 | D:3      | Reached XP level 4. HP: 32/40 MP: 4/4
  1111 | D:3      | Found an opulent altar of Gozag.
  1153 | D:3      | Reached skill level 5 in Axes
  1168 | D:3      | Reached XP level 5. HP: 45/46 MP: 5/5
  1213 | D:3      | Found a faded altar of an unknown god.
  1404 | D:3      | Found a basalt altar of Yredelemnul.
  1813 | D:4      | Reached skill level 6 in Axes
  1824 | D:4      | Found a staircase to the Ecumenical Temple.
  1838 | D:4      | Reached XP level 6. HP: 35/53 MP: 6/6
  1921 | D:4      | Reached skill level 1 in Dodging
  2067 | D:4      | Noticed a black bear
  2078 | D:4      | Killed a black bear
  2079 | D:4      | Reached skill level 7 in Axes
  2166 | D:4      | Found an iron altar of Okawaru.
  2279 | D:4      | Reached XP level 7. HP: 54/60 MP: 7/7
  2317 | Temple   | Entered the Ecumenical Temple
  2493 | D:5      | Entered Level 5 of the Dungeon
  2704 | D:5      | Found a glowing golden altar of the Shining One.
  2765 | D:5      | Found a sacrificial altar of Ru.
  2875 | D:5      | Reached skill level 5 in Fighting
  2999 | D:6      | Found an ancient bone altar of Kikubaaqudgha.
  3022 | D:6      | Reached skill level 8 in Axes
  3113 | D:6      | Found a burning altar of Makhleb.
  3295 | D:6      | Reached skill level 5 in Armour
  3295 | D:6      | Reached XP level 8. HP: 57/69 MP: 8/8
  3420 | D:7      | Reached skill level 9 in Axes
  3486 | D:7      | Noticed a hornet
  3499 | D:7      | Paralysed by a hornet for 3 turns
  3503 | D:7      | Slain by a hornet

Illustrated notes

Levels and vault maps discovered:
D:1:      wander_arrival_estate, layout_basic, st_stairs_4
D:2:      layout_basic
D:3:      layout_loops_corners, kennysheep_ying_yang,
          nicolae_gozag_seed_capital, nicolae_overflow_crystal_walls,
          shapermc_ecumenical_altar_petra
D:4:      layout_basic, kennysheep_okawaru_gauntlet, minmay_temple_entry_arrows,
          corexii_item_surrounded_by_moat
D:5:      layout_layer_cave, mainiacjoe_overflow_brackets,
          nicolae_tso_besieged_by_evil, minmay_strange_pillars,
          corexii_hall_statues_s
D:6:      layout_basic, nzn_hepliaklqana_mist_gate, general_overflow_altar,
          mainiacjoe_overflow_paths, gup_sewer_entry_bubbles, uniq_sigmund
D:7:      layout_basic, nicolae_letterblocks [nicolae_letter_subblock,
          nicolae_letter_subblock, nicolae_letter_subblock,
          nicolae_letter_subblock, nicolae_letter_subblock,
          nicolae_letter_subblock, nicolae_letter_subblock,
          nicolae_letter_subblock, nicolae_letter_subblock,
          nicolae_letter_subblock, nicolae_letter_subblock,
          nicolae_letter_subblock, nicolae_letter_subblock,
          nicolae_letter_subblock, nicolae_letter_subblock,
          nicolae_letter_subblock, nicolae_letter_subblock,
          nicolae_letter_subblock, nicolae_letter_subblock,
          nicolae_letter_subblock, nicolae_letter_subblock,
          nicolae_letter_subblock, nicolae_letter_subblock,
          nicolae_letter_subblock, nicolae_letter_subblock]
Temple:   nicolae_temple_bog_church

Skill      XL: |  1  2  3  4  5  6  7  8 |
---------------+-------------------------+-----
Axes           | 3 4 5 6 7 8 9 |  9.3
Fighting       | 4 5 |  5.5
Armour         | 4 5 |  5.1
Dodging        | 1 |  1.8
Shields        | 4 |  4.3
Stealth        | |  0.2

Action                     |  1- 3 |  4- 6 |  7- 9 || total
---------------------------+-------+-------+-------++-------
  Melee: War axe           |    72 |   143 |   101 ||   316
 Armour: Scale mail        |    40 |    27 |       ||    67
         Chain mail        |       |    30 |    40 ||    70
  Dodge: Dodged            |    48 |   132 |    81 ||   261
  Block: Buckler           |    19 |    31 |    13 ||    63

Table legend: (Time is in decaauts)
 A = Elapsed time spent in this place.
 B = Non-inter-level travel time spent in this place.
 C = Inter-level travel time spent in this place.
 D = Time resting spent in this place.
 E = Time spent auto-exploring this place.
 F = Levels seen in this place.
 G = Mean time per level.
                   A        B        C        D        E       F      G
               +--------+--------+--------+--------+--------+-----+--------+
         Total |   3583 |   1011 |   2572 |      0 |      0 |   8 |  447.9 |
       Dungeon |   3420 |   1009 |   2411 |      0 |      0 |   7 |  488.6 |
        Temple |    163 |      3 |    160 |      0 |      0 |   1 |  163.0 |
               +--------+--------+--------+--------+--------+-----+--------+

Top non-repeatable levels by time:
     D:1: 698 daAuts
     D:3: 599 daAuts
     D:4: 586 daAuts
     D:6: 536 daAuts
     D:2: 511 daAuts
     D:5: 392 daAuts
  Temple: 163 daAuts
     D:7: 95 daAuts
